 Dungeon Sprint DCSS version 0.23-a0-182-g58cdd98 (webtiles) character file.

430 Kidiri the Fighter (level 6, -1/56 HPs)
             Began as a Minotaur Fighter on Sept 20, 2018.
             Was an Initiate of Okawaru.
             Slain by a tarantella (13 damage)
             ... summoned by a deep elf mage
             ... in the Dungeon (Sprint III: "The Ten Rune Challenge").
             The game lasted 00:04:06 (600 turns).

Kidiri the Fighter (Minotaur Fighter)                Turns: 600, Time: 00:04:06

Health: -1/56      AC:  7    Str: 24    XL:     6   Next: 66%
Magic:  5/5        EV: 10    Int:  5    God:    Okawaru [......]
Gold:   23         SH: 11    Dex: 10    Spells: 5/5 levels left

rFire    . . .     SeeInvis .   a - +0 long sword
rCold    . . .     Gourm    .   c - +0 shield
rNeg     . . .     Faith    .   b - +0 scale mail
rPois    .         Spirit   .   (helmet restricted)
rElec    .         Reflect  .   (no cloak)
rCorr    .         Harm     .   (no gloves)
MR       .....     NoTele   +   (no boots)
Stlth    ..........             (no amulet)
HPRegen  0.18/turn              (no ring)
MPRegen  0.09/turn              (no ring)

@: no status effects
A: retaliatory headbutt, horns 2, talons 1, blurry vision 1, frail 1, sense
surroundings 1, strong 1
a: Renounce Religion


You were in the Dungeon.
You worshipped Okawaru.
Okawaru was noncommittal.
You were not hungry.

You visited 1 branch You collected 23 gold pieces.

Inventory:

Hand Weapons
 a - a +0 long sword (weapon)
Armour
 b - a +0 scale mail (worn)
 c - a +0 shield (worn)
Scrolls
 k - a scroll of blinking
 l - 2 scrolls of remove curse
 o - a scroll of torment
 s - a scroll of holy word
Potions
 e - a potion of curing
 h - a potion of haste
 i - 2 potions of magic
 r - 3 potions of flight
Comestibles
 d - 2 chunks of flesh
 f - 3 rations


   Skills:
 * Level 9.3 Fighting
 * Level 9.0 Long Blades
 + Level 4.9 Throwing
 + Level 7.0 Armour
 + Level 5.2 Dodging
 + Level 7.1 Shields
 + Level 0.6 Invocations


You had 5 spell levels left.
You didn't know any spells.
Your spell library contained the following spells:

 Spells                   Type           Power        Failure   Level  Hunger
 Animate Skeleton         Necr           N/A          97%         1    ##.....
 Apportation              Tloc           #.....       97%         1    ##.....
 Confusing Touch          Hex            #.....       97%         1    ##.....
 Summon Small Mammal      Summ           #...         97%         1    ##.....


Dungeon Overview and Level Annotations

Branches:
Dungeon (1/1)

Altars:
Elyvilon
Kikubaaqudgha
Okawaru
Sif Muna
Trog
Uskayaw
Vehumet
Wu Jian
Zin
The Shining One
Beogh


Innate Abilities, Weirdness & Mutations

You reflexively headbutt those who attack you in melee.
You have a pair of horns on your head.
You have sharp toenails.
Scrolls take you a little longer to read.
You are frail. (-10% HP)
You passively map a small area around you.
Your muscles are strong. (Str +2)


Message History

The deep elf mage casts a spell.
You hit the deep elf mage. You headbutt the deep elf mage.
The deep elf mage is moderately wounded.
You block the tarantella's attack. The demonic crawler hits you. x2
The demonic crawler barely misses you. The tarantella bites you!
The demonic crawler hits you. The demonic crawler barely misses you.
You block the demonic crawler's attack.
The deep elf mage hits you but does no damage.
You miss the deep elf mage. Your headbutt misses the deep elf mage.
The deep elf mage is moderately wounded.
You block the tarantella's attack. You block the demonic crawler's attack.
The demonic crawler hits you. The demonic crawler hits you!
You barely miss the deep elf mage. Your headbutt misses the deep elf mage.
The deep elf mage is moderately wounded.
The tarantella bites you but does no damage.
The deep elf mage mumbles some strange words.
The demonic crawler barely misses you. The demonic crawler hits you!
* * * LOW HITPOINT WARNING * * *
You block the demonic crawler's attack. The tarantella bites you!
You die...

▓▓▓▓▓ ▓▓▓ *** #...####
##.#########***,******
#......#####..#s4_#___#__*,,**,**
#.......#..#..#e@s#__.#,_*,,,,,,,
##.##...#..#..###+#+###+##,,,,,,,
##.###..##+#..#..........#,,,,,,,
###)##..###...'.⌠........#,,,,**,
#..##..####...#...######+#,**,,,,
...##..###....#.⌠.#__*,,,*+******
..##...##.....#...#__*,,,*,,≈≈≈+,
.##....#......#+###__*,,,*,*≈≈≈*,
###..##.#.....#.):#__*,,,+,*,,,*,


You could see a demonic crawler, a deep elf mage, a chaos spawn and a
tarantella.

Vanquished Creatures
  A water elemental (D)
  Jessica (D)
  A wizard (D)
  3 humans (D)
  A kobold demonologist (D)
  An ooze (D)
  A phantom (D)
  2 rats (D)
11 creatures vanquished.

Vanquished Creatures (others)
  2 draconian scorchers (D)
  6 hellions (D)
  2 yaktaurs (D)
  2 plants (D)
12 creatures vanquished.

Grand Total: 23 creatures vanquished

Notes
Turn   | Place    | Note
-------+----------+-------------------------------------------
     0 | D        | Kidiri the Minotaur Fighter began the quest for the Orb.
     0 | D        | Reached XP level 1. HP: 19/19 MP: 0/0
    11 | D        | Reached skill level 1 in Dodging
    70 | D        | Killed a hellion
    75 | D        | Noticed Jessica
    80 | D        | Killed a yaktaur
    87 | D        | Killed Jessica
    87 | D        | Reached skill level 5 in Fighting
    87 | D        | Reached skill level 1 in Throwing
    87 | D        | Reached XP level 2. HP: 29/29 MP: 1/1
    87 | D        | Reached XP level 3. HP: 36/36 MP: 2/2
    89 | D        | Killed a hellion
   153 | D        | Killed a white draconian scorcher
   161 | D        | Gained mutation: You are clumsy. (Dex -2) [potion of
                  | mutation]
   161 | D        | Gained mutation: You expend magic power (3 MP) to
                  | strengthen your wands. [potion of mutation]
   161 | D        | Lost mutation: You are clumsy. (Dex -2) [potion of
                  | mutation]
   161 | D        | Gained mutation: Your flesh is cold resistant. (rC+)
                  | [potion of mutation]
   162 | D        | Lost mutation: Your flesh is cold resistant. (rC+) [potion
                  | of mutation]
   162 | D        | Lost mutation: You expend magic power (3 MP) to strengthen
                  | your wands. [potion of mutation]
   162 | D        | Gained mutation: You passively map a small area around you.
                  | [potion of mutation]
   162 | D        | Gained mutation: You possess an exceptional clarity of
                  | mind. [potion of mutation]
   162 | D        | Gained mutation: You are agile. (Dex +2) [potion of
                  | mutation]
   162 | D        | Gained mutation: You passively map the area around you.
                  | [potion of mutation]
   163 | D        | Lost mutation: You are agile. (Dex +2) [potion of mutation]
   163 | D        | Lost mutation: You passively map the area around you.
                  | [potion of mutation]
   163 | D        | Lost mutation: You possess an exceptional clarity of mind.
                  | [potion of mutation]
   163 | D        | Gained mutation: You are frail. (-10% HP) [potion of
                  | mutation]
   163 | D        | Gained mutation: Scrolls take you a little longer to read.
                  | [potion of mutation]
   163 | D        | Gained mutation: You have sharp toenails. [potion of
                  | mutation]
   163 | D        | Gained mutation: Your muscles are strong. (Str +2) [potion
                  | of mutation]
   197 | D        | Killed a hellion
   198 | D        | Killed a hellion
   199 | D        | Killed a hellion
   207 | D        | Killed a white draconian scorcher
   299 | D        | Killed a yaktaur
   322 | D        | Noticed a water elemental
   333 | D        | Killed a water elemental
   333 | D        | Reached skill level 5 in Armour
   333 | D        | Reached skill level 5 in Shields
   333 | D        | Reached XP level 4. HP: 37/40 MP: 3/3
   348 | D        | Killed a hellion
   432 | D        | Found a hide-covered altar of Uskayaw.
   432 | D        | Found a roughly hewn altar of Beogh.
   432 | D        | Found an iron altar of Okawaru.
   432 | D        | Found a bloodstained altar of Trog.
   432 | D        | Found an ornate altar of the Wu Jian Council.
   432 | D        | Noticed a human
   432 | D        | Noticed a human
   439 | D        | Killed a human
   439 | D        | Reached XP level 5. HP: 14/47 MP: 4/4
   444 | D        | Killed a human
   444 | D        | Reached skill level 5 in Dodging
   444 | D        | Reached XP level 6. HP: 41/56 MP: 5/5
   451 | D        | Became a worshipper of Warmaster Okawaru
   525 | D        | Found a radiant altar of Vehumet.
   526 | D        | Found a deep blue altar of Sif Muna.
   526 | D        | Found an ancient bone altar of Kikubaaqudgha.
   529 | D        | Noticed a rust devil
   590 | D        | Found a glowing silver altar of Zin.
   591 | D        | Found a glowing golden altar of the Shining One.
   591 | D        | Found a white marble altar of Elyvilon.
   591 | D        | Noticed a deep elf mage
   594 | D        | Noticed a demonic crawler
   594 | D        | Noticed a tarantella
   600 | D        | Slain by a tarantella

Vault maps used:
D:        dungeon_sprint_mu

Skill      XL: |  1  2  3  4  5  6 |
---------------+-------------------+-----
Fighting       | 5 6 8 9 |  9.3
Long Blades    | 4 6 7 8 9 |  9.0
Dodging        | 2 3 4 5 |  5.2
Throwing       | 1 3 4 |  4.9
Armour         | 4 5 6 7 |  7.0
Shields        | 4 5 6 7 |  7.1
Invocations    | |  0.6

Action                   |  1- 3 |  4- 6 || total
-------------------------+-------+-------++-------
Melee: Long sword        |    40 |    22 ||    62
       Headbutt          |     9 |     2 ||    11
       Kick              |     2 |     8 ||    10
  Use: Potion            |     5 |     2 ||     7
       Scroll            |     5 |       ||     5
Armor: Scale mail        |    10 |    17 ||    27
Dodge: Dodged            |     5 |    19 ||    24
Block: Shield            |    15 |    29 ||    44
       Rpst.: Long sword |     1 |     3 ||     4

Table legend:
 A = Non-vault XP
 B = Vault XP
 C = Vault XP percentage of total XP
 D = Non-vault monster count
 E = Vault monster count
 F = Vault count percentage of total count
                 A         B        C        D         E       F
            +---------+---------+-------+---------+---------+-------
      Total |       0 |     615 | 100.0 |       0 |      11 | 100.0
            +---------+---------+-------+---------+---------+-------
          D |       0 |     615 | 100.0 |       0 |      11 | 100.0
            +---------+---------+-------+---------+---------+-------
